 Dungeon Crawl Stone Soup version 0.31-a0-455-g1a7b003ef0 (webtiles) character file.

Game seed: 2224459278238797173

67 jasper the Chopper (level 3, -2/29 HPs)
             Began as a Demonspawn Cinder Acolyte on Aug 3, 2023.
             Was a High Priest of Ignis.
             Slain by a worm (7 damage)
             ... on level 2 of the Dungeon.
             The game lasted 00:03:09 (1391 turns).

jasper the Chopper (Demonspawn Cinder Acolyte)      Turns: 1391, Time: 00:03:10

Health: -2/29      AC: 11    Str: 16    XL:     3   Next: 98%
Magic:  4/4        EV: 11    Int: 15    God:    Ignis [*****.]
Gold:   83         SH:  0    Dex:  8    Spells: 4/4 levels left

rFire   + . .        a - -1 hand axe (flame)
rCold   . . .        (no shield)
rNeg    . . .        e - +0 leather armour
rPois   .            (helmet restricted)
rElec   .            (no cloak)
rCorr   .            i - +0 pair of gloves
SInv    .            (no boots)
Will    .....        (no amulet)
Stlth   +            (no ring)
HPRegen 0.24/turn    (no ring)
MPRegen 0.09/turn

%: no passive effects
@: fiery-armoured
A: horns 1
a: Renounce Religion, Fiery Armour, Foxfire Swarm, Rising Flame


You were on level 2 of the Dungeon.
You worshipped Ignis.
Ignis was extremely pleased with you.
You visited 1 branch of the dungeon, and saw 2 of its levels.

You collected 83 gold pieces.

Inventory:

Hand Weapons
 a - a -1 hand axe of flaming (weapon)
Missiles
 c - 4 boomerangs (quivered)
Armour
 b - a +0 robe
 e - a +0 leather armour (worn)
 i - a +0 pair of gloves (worn)
 l - the +4 ring mail "Notrunlure" {rC- Str+4}
   (You found it on level 2 of the Dungeon)

   Str:       It affects your strength (+4).
   rC:        It makes you vulnerable to cold.
Scrolls
 f - a scroll of amnesia {unknown}
 h - a scroll of fog {unknown}
 j - a scroll of immolation
Potions
 d - a potion of invisibility {unknown}
 g - a potion of curing
 k - a potion of enlightenment {unknown}


   Skills:
 + Level 3.5 Fighting
 * Level 3.6 Axes
 + Level 1.4 Armour
 - Level 1.0 Spellcasting
 - Level 2.6 Fire Magic


You had 4 spell levels left.
You didn't know any spells.
Your spell library contained the following spells:

 Spells                   Type           Power      Damage    Failure   Level
 Scorch                   Fire           16%        2d5       16%         2


Dungeon Overview and Level Annotations

Branches:
Dungeon (2/15)

Altars:


Innate Abilities, Weirdness & Mutations

You have a pair of small horns on your head.


Message History

Health restored: 29 A worm comes into view.
Found a crude ring mail.
You see here the +4 ring mail "Notrunlure" {rC- Str+4}.
l - the +4 ring mail "Notrunlure" {rC- Str+4}
Found 2 poisoned darts.
You hit the worm but do no damage. The worm bites you.
You take 6 damage, and have 23/29 hp.
MASSIVE DAMAGE!!
You hit the worm but do no damage. You barely miss the worm.
The worm bites you.
You take 6 damage, and have 17/29 hp.
MASSIVE DAMAGE!!
You barely miss the worm. You headbutt the worm.
The worm is lightly wounded.
The worm bites you.
You take 3 damage, and have 14/29 hp.
You hit the worm but do no damage. You barely miss the worm.
You headbutt the worm, but do no damage.
The worm bites you!
* * * LOW HITPOINT WARNING * * *
You take 9 damage, and have 5/29 hp.
MASSIVE DAMAGE!!
A protective cloak of flame settles atop you.
The worm bites you.
* * * LOW HITPOINT WARNING * * *
The worm is burned by your cloak of flames.
The worm is heavily wounded.
You take 1 damage, and have 4/29 hp.
You hit the worm. You burn the worm.
You headbutt the worm, but do no damage.
The worm is severely wounded.
You hit the worm but do no damage. You headbutt the worm.
The worm is severely wounded.
The worm bites you but does no damage.
The worm is burned by your cloak of flames.
The worm is almost dead.
You completely miss the worm.
You headbutt the worm, but do no damage.
The worm is almost dead.
The worm bites you!
You die...

#####
#####.)..###
....###.....####
#.......##..##
#..##......#
#..##...#.#
#.##.###.#
#....###.##
######.......#
#....w@....###
#..(.......#
............#
##..........#
#..........#
############


You could see a worm.

Vanquished Creatures
  Jessica (D:2)
  2 adders (D:2)
  2 ball pythons (D:1)
  An endoplasm (D:1)
  A giant cockroach (D:1)
  2 goblins (D:1)
  5 hobgoblins
  A quokka (D:1)
  A bat (D:1)
  2 frilled lizards (D:1)
  5 kobolds (D:1)
23 creatures vanquished.

Notes
Turn   | Place    | Note
-------+----------+-------------------------------------------
     0 | D:1      | jasper the Demonspawn Cinder Acolyte began the quest for
                  | the Orb.
     0 | D:1      | Reached XP level 1. HP: 18/18 MP: 2/2
   235 | D:1      | Found a faded altar of an unknown god.
   241 | D:1      | Gained mutation: You have a pair of small horns on your
                  | head. [demonic ancestry]
   241 | D:1      | Reached XP level 2. HP: 24/24 MP: 3/3
  1160 | D:2      | Reached skill level 1 in Armour
  1160 | D:2      | Reached XP level 3. HP: 11/29 MP: 4/4
  1326 | D:2      | Noticed Jessica
  1332 | D:2      | Killed Jessica
  1376 | D:2      | Identified the +4 ring mail "Notrunlure" {rC- Str+4}
  1391 | D:2      | Slain by a worm

Illustrated notes

Levels and vault maps discovered:
D:1:      shiori_arrival_maze, layout_basic, dreamdust_ecumenical_altar_statues,
          minmay_misc_feat_ornament
D:2:      layout_rooms, uniq_jessica

Skill      XL: |  1  2 |
---------------+-------+-----
Axes           | 3 |  3.6
Armour         | 1 |  1.4
Fighting       | |  3.5
Spellcasting   | |  1.0
Fire Magic     | |  2.6

Action                     || total
---------------------------++-------
  Melee: Hand axe          ||    78
         Punch             ||     2
         Headbutt          ||     9
  Throw: Boomerang         ||    17
         Stone             ||     3
 Invoke: Fiery Armour      ||     2
    Use: Scroll            ||     4
 Armour: Robe              ||     4
         Leather armour    ||    17
  Dodge: Dodged            ||    34

Table legend: (Time is in decaauts)
 A = Elapsed time spent in this place.
 B = Non-inter-level travel time spent in this place.
 C = Inter-level travel time spent in this place.
 D = Time resting spent in this place.
 E = Time spent auto-exploring this place.
 F = Levels seen in this place.
 G = Mean time per level.
                   A        B        C        D        E       F      G
               +--------+--------+--------+--------+--------+-----+--------+
         Total |   1407 |   1312 |     95 |    100 |    967 |   2 |  703.5 |
       Dungeon |   1407 |   1312 |     95 |    100 |    967 |   2 |  703.5 |
               +--------+--------+--------+--------+--------+-----+--------+

Top non-repeatable levels by time:
     D:1: 1048 daAuts
     D:2: 358 daAuts
